 Dungeon Crawl Stone Soup version 0.26-a0-658-gbdda728c12 (webtiles) character file.

Game seed: 13387224023669940464

207 Picvukin the Poker (level 5, 0/41 HPs)
             Began as a Merfolk Gladiator on Oct 4, 2020.
             Succumbed to an orc wizard's poison
             ... on level 4 of the Dungeon.
             The game lasted 00:25:03 (3015 turns).

Picvukin the Poker (Merfolk Gladiator)              Turns: 3015, Time: 00:25:03

Health: 0/41       AC:  5    Str: 15    XL:     5   Next: 85%
Magic:  5/5        EV: 14    Int:  8    God:
Gold:   105        SH:  0    Dex: 15    Spells: 4/4 levels left

rFire    . . .     SeeInvis .   a - +0 trident
rCold    . . .     Faith    .   (no shield)
rNeg     . . .     Spirit   .   b - +1 leather armour
rPois    .         Reflect  .   c - +0 helmet
rElec    .         Harm     .   (no cloak)
rCorr    .         Rampage  .   (no gloves)
MR       .....                  (no boots)
Stlth    ++........             p - amulet of regeneration
HPRegen  0.53/turn              (no ring)
MPRegen  0.09/turn              (no ring)

@: lethally poisoned (0 -> -5)
A: change form in water, swift swim, stealthy swim
a: no special abilities


You were on level 4 of the Dungeon.
You visited 1 branch of the dungeon, and saw 4 of its levels.

You collected 105 gold pieces.

Inventory:

Hand Weapons
 a - a +0 trident (weapon)
 s - a +1 dagger of venom
Missiles
 d - a throwing net (quivered)
 l - 7 datura-tipped darts
 q - 6 boomerangs
Armour
 b - a +1 leather armour (worn)
 c - a +0 helmet (worn)
 k - a +2 chain mail of poison resistance
 n - a +0 buckler
Jewellery
 p - an amulet of regeneration (around neck)
Wands
 h - a wand of acid (10)
Scrolls
 e - 2 scrolls of magic mapping
 o - a scroll of teleportation {unknown}
 r - a scroll of enchant armour
Potions
 f - 2 potions of stabbing {unknown}
 g - 4 potions of heal wounds {unknown}
 i - a potion of degeneration {unknown}
 j - 2 potions of brilliance {unknown}
 m - a potion of mutation {unknown}


   Skills:
 + Level 3.1 Fighting
 + Level 7.3 Polearms
 + Level 2.2 Throwing
 + Level 0.8 Armour
 + Level 4.5 Dodging
 + Level 1.7 Stealth


You had 4 spell levels left.
You didn't know any spells.
Your spell library was empty.

Dungeon Overview and Level Annotations

Branches:
Dungeon (4/15)
 Temple: D:4-7

Altars:
Ashenzari
Elyvilon
Xom


Message History

You completely miss something.
* * * LOW HITPOINT WARNING * * *
You feel sick. Something barely misses you.
You closely miss something.
* * * LOW HITPOINT WARNING * * *
You feel sick.
You puncture something!
Reactivating autopickup.
You feel a bit more experienced.
* * * LOW HITPOINT WARNING * * *
You feel sick.
* * * LOW HITPOINT WARNING * * *
You feel sick.
Things that are here:
a +1 dagger of venom; a +0 robe
s - a +1 dagger of venom
* * * LOW HITPOINT WARNING * * *
You feel sick.
A jackal comes into view.
You die...

## h.#. ..
.####..#
.#.###.##
........
........ <#
...... .# #..
.. #....... ..
... .# .......
..# #.####.##.#
#.# ..# #...
..{#......####
#@###.## #..♣
..............
#.[.#..# #..♣
...........#
###....#####.♣
...........#
#....#.....♣
......<....#
#..<.......♣
...........#
#...##.....♣♣
...........#
#...##......♣♣
...............
######.......♣
...#...........
#..)....#


You could see a jackal (asleep).

Vanquished Creatures
  A hound (D:4)
  2 orc wizards
  6 adders
  6 worms
  3 dart slugs
  5 leopard geckos
  3 orcs (D:3)
  2 giant cockroaches
  6 goblins
  4 hobgoblins
  A quokka (D:4)
  A bat (D:1)
  4 frilled lizards
  4 kobolds (D:3)
  5 rats
53 creatures vanquished.

Vanquished Creatures (others)
  2 plants (D:4)
2 creatures vanquished.

Grand Total: 55 creatures vanquished

Notes
Turn   | Place    | Note
-------+----------+-------------------------------------------
     0 | D:1      | Picvukin the Merfolk Gladiator began the quest for the Orb.
     0 | D:1      | Reached XP level 1. HP: 16/16 MP: 1/1
   360 | D:1      | Reached XP level 2. HP: 22/22 MP: 2/2
   667 | D:1      | Reached skill level 5 in Polearms
  1060 | D:2      | Found a white marble altar of Elyvilon.
  1064 | D:2      | Reached XP level 3. HP: 28/28 MP: 3/3
  1274 | D:2      | Found a shimmering altar of Xom.
  1663 | D:3      | Found a broken altar of Ashenzari.
  2021 | D:3      | Reached skill level 1 in Stealth
  2021 | D:3      | Reached XP level 4. HP: 34/34 MP: 4/4
  2324 | D:3      | Reached skill level 6 in Polearms
  2755 | D:3      | Reached XP level 5. HP: 31/41 MP: 5/5
  2993 | D:4      | Reached skill level 7 in Polearms
  3013 | D:4      | HP: 2/41 [poisoned by an orc wizard]
  3015 | D:4      | Succumbed to an orc wizard's poison

Illustrated notes

Levels and vault maps discovered:
D:1:      lordsloth_arrival_two_stooges, layout_basic
D:2:      layout_loops_corners, old_standard_altar, lemuel_tele_altar
D:3:      layout_rooms, evilmike_ruin_ashenzari
D:4:      layout_rooms, serial_forest, infiniplex_forest_clump_medium,
          infiniplex_forest_end_1, infiniplex_forest_clump_long,
          infiniplex_forest_join, infiniplex_forest_clump_tiny,
          infiniplex_forest_end_2, infiniplex_forest_clump_tiny,
          infiniplex_forest_clump_double, infiniplex_forest_end_2,
          wad_floor_pattern_1, minivault_26

Skill      XL: |  1  2  3  4  5 |
---------------+----------------+-----
Polearms       | 5 6 7 |  7.3
Stealth        | 1 |  1.7
Fighting       | 3 |  3.1
Throwing       | |  2.2
Armour         | |  0.8
Dodging        | |  4.5

Action                   |  1- 3 |  4- 6 || total
-------------------------+-------+-------++-------
Melee: Trident           |    94 |   112 ||   206
Throw: Throwing net      |     4 |     1 ||     5
  Use: Scroll            |     2 |       ||     2
 Stab: Sleeping          |     4 |     1 ||     5
       Distracted        |     1 |       ||     1
       Held in net/web   |     1 |       ||     1
Armor: Leather armour    |     9 |    18 ||    27
Dodge: Dodged            |    30 |    51 ||    81

Table legend: (Time is in decaauts)
 A = Elapsed time spent in this place.
 B = Non-inter-level travel time spent in this place.
 C = Inter-level travel time spent in this place.
 D = Time resting spent in this place.
 E = Time spent auto-exploring this place.
 F = Levels seen in this place.
 G = Mean time per level.
                   A        B        C        D        E       F      G
               +--------+--------+--------+--------+--------+-----+--------+
         Total |   3032 |   2732 |    300 |      0 |   2029 |   4 |  758.0 |
       Dungeon |   3032 |   2732 |    300 |      0 |   2029 |   4 |  758.0 |
               +--------+--------+--------+--------+--------+-----+--------+

Top non-repeatable levels by time:
     D:3: 1087 daAuts
     D:2: 1001 daAuts
     D:1: 722 daAuts
     D:4: 220 daAuts
